 Dungeon Crawl Stone Soup version 0.21-a0-396-ga924934 (webtiles) character file.

132 AverageBear the Cutter (level 4, 16/29 HPs)
             Began as a Deep Elf Fighter on Oct 20, 2017.
             Quit the game on level 3 of the Dungeon.
             The game lasted 00:02:15 (2189 turns).

AverageBear the Cutter (Deep Elf Fighter)           Turns: 2189, Time: 00:02:16

Health: 16/29      AC:  6    Str: 14    XL:     4   Next: 92%
Magic:  6/6        EV:  8    Int: 13    God:
Gold:   71         SH: 10    Dex: 14    Spells: 3/3 levels left

rFire    + . .     SeeInvis +   p - +3 dagger (speed)
rCold    . . .     Gourm    .   m - +2 shield
rNeg     . . .     Faith    .   b - +0 scale mail
rPois    +         Spirit   .   (no helmet)
rElec    .         Reflect  .   (no cloak)
rCorr    .         Harm     .   (no gloves)
MR       .....                  (no boots)
Stlth    ..........             (no amulet)
HPRegen  0.09/turn              h - ring of protection from fire
MPRegen  0.10/turn              l - ring of poison resistance

@: no status effects
A: see invisible, deterioration 1, robust 1
a: no special abilities


You were on level 3 of the Dungeon.
You were not hungry.

You visited 1 branch of the dungeon, and saw 3 of its levels.

You collected 71 gold pieces.

Inventory:

Hand Weapons
 a - a +0 rapier
 p - a +3 dagger of speed (weapon)
Armour
 b - a +0 scale mail (worn)
 m - a +2 shield (worn)
Jewellery
 h - a ring of protection from fire (left hand)
 l - a ring of poison resistance (right hand)
 s - an uncursed ring of stealth {unknown}
 u - an uncursed ring of magical power {unknown}
Wands
 c - a wand of random effects (7/48)
 t - a wand of enslavement (10/24)
Scrolls
 e - a scroll of identify
 o - a scroll of magic mapping {unknown}
 q - a scroll of immolation {unknown}
Potions
 d - a potion of might
 g - 2 potions of invisibility
 k - a potion of heal wounds {unknown}
 r - a potion of curing {unknown}
Comestibles
 f - 2 bread rations
 i - 2 royal jellies
 n - 3 chunks of flesh


   Skills:
 - Level 2.4 Fighting
 - Level 4.0 Short Blades
 - Level 2.4 Armour
 + Level 3.6 Dodging
 - Level 2.4 Shields


You had 3 spell levels left.
You didn't know any spells.

Dungeon Overview and Level Annotations

Branches:
Dungeon (3/15)

Altars:
Okawaru
Trog
Xom


Innate Abilities, Weirdness & Mutations

You have supernaturally acute eyesight. (SInv)
Your body sometimes deteriorates upon taking damage.
You are robust. (+10% HP)


Message History

The orc priest is moderately wounded.
You hit the orc priest.
The orc priest is severely wounded.
You block the orc priest's attack. The orc hits you with a hand axe.
You hit the orc priest.
The orc priest is severely wounded.
You block the orc priest's attack.
You hit the orc priest.
The orc priest is almost dead.
You block the orc's attack.
You hit the orc priest but do no damage.
The orc priest is almost dead.
The orc priest hits you with a flail. The orc hits you but does no damage.
You hit the orc priest.
You kill the orc priest!
Your Dodging skill increases to level 3!
The orc hits you but does no damage.
Things that are here:
a flail; a leather armour Are you sure you want to abandon this character and quit the game? (Confirm with "yes".)

..[.. .... #. ... #.
... #.#..#.# ##.#..#.#
......#?#######.###
........o..........
........@##########
##.##....# .........##
.....##.#.(..... .....
#.#.#####.. ##+#
#.#.#####.### #
#รท#.#....... .#.#
#.#.#.##...##.#.#
#######)#.#.##........


You could see an orc.

Vanquished Creatures
  An orc priest (D:3)
  6 adders
  2 dart slugs (D:1)
  2 leopard geckos
  3 giant cockroaches (D:2)
  5 goblins
  8 hobgoblins
  7 jackals
  4 frilled lizards
  3 kobolds
  3 rats (D:2)
44 creatures vanquished.

Notes
Turn   | Place    | Note
-------+----------+-------------------------------------------
     0 | D:1      | AverageBear the Deep Elf Fighter began the quest for the Orb.
     0 | D:1      | Reached XP level 1. HP: 13/13 MP: 3/3
   344 | D:1      | Reached XP level 2. HP: 17/18 MP: 4/4
   455 | D:1      | Reached skill level 3 in Short Blades
   936 | D:2      | Found a shimmering altar of Xom.
   972 | D:2      | Found an iron altar of Okawaru.
  1046 | D:2      | Reached XP level 3. HP: 6/22 MP: 5/5
  1357 | D:2      | Found a bloodstained altar of Trog.
  1653 | D:2      | Reached skill level 4 in Short Blades
  1907 | D:2      | Reached skill level 1 in Dodging
  2119 | D:3      | Reached XP level 4. HP: 27/27 MP: 6/6
  2177 | D:3      | Gained mutation: You are robust. (+10% HP) [potion of mutation]
  2177 | D:3      | Gained mutation: Your muscles are strong. (Str +2) [potion of mutation]
  2177 | D:3      | Gained mutation: You have a pair of small horns on your head. [potion of mutation]
  2178 | D:3      | Lost mutation: You have a pair of small horns on your head. [potion of mutation]
  2178 | D:3      | Lost mutation: Your muscles are strong. (Str +2) [potion of mutation]
  2178 | D:3      | Gained mutation: Your body sometimes deteriorates upon taking damage. [potion of mutation]
  2178 | D:3      | Gained mutation: You have supernaturally acute eyesight. (SInv) [potion of mutation]
  2189 | D:3      | Quit the game

Vault maps used:
D:1:      scummos_arrival_star, grunt_decor_clamped, kennysheep_minor_cross
D:2:      overflow_temple_1_default, xom_butterflies,
          kennysheep_okawaru_gauntlet
D:3:      marbit_many_paths, first_bread, kennysheep_generic_room_11,
          uniq_terence, uniq_sigmund

Skill      XL: |  1  2  3  4 |
---------------+-------------+-----
Short Blades   | 3 4 |  4.0
Dodging        | 1 3 |  3.6
Fighting       | |  2.4
Armour         | |  2.4
Shields        | |  2.4

Action                   |  1- 3 |  4- 6 || total
-------------------------+-------+-------++-------
Melee: Rapier            |    98 |       ||    98
       Dagger            |    63 |    26 ||    89
  Use: Scroll            |     1 |       ||     1
       Potion            |       |     2 ||     2
  Eat: Chunk             |     4 |       ||     4
Armor: Scale mail        |    55 |     5 ||    60
Dodge: Dodged            |    34 |     1 ||    35
Block: Shield            |    66 |    12 ||    78

Table legend:
 A = Spawn XP
 B = Non-spawn XP
 C = Spawn XP percentage of total XP
 D = Spawn monster count
 E = Non-spawn monster count
 F = Spawn count percentage of total count
 G = Total turns spent on level
                    A         B        C        D         E        F      G
               +---------+---------+-------+---------+---------+-------+---------
         Total |       0 |     189 |   0.0 |       0 |      44 |   0.0 |  2189
               +---------+---------+-------+---------+---------+-------+---------
           D:1 |       0 |      29 |   0.0 |       0 |      14 |   0.0 |   901
           D:2 |       0 |      62 |   0.0 |       0 |      23 |   0.0 |  1208
           D:3 |       0 |      98 |   0.0 |       0 |       7 |   0.0 |    80
               +---------+---------+-------+---------+---------+-------+---------
